cohdb
Replays
Latest Replays
All Replays
Popular Replays
Top Player Replays
Match Explorer
How It Works
Community
CoH3 Stats
Reddit
Sign in to upload your games and track your stats! →
Sign in with Steam
Match 42471044
Unlisted
Match 42471044
Overview
Messages
Build Orders
End
Panzergrenadier Squad
Selects Armored Support Battlegroup
250 Light Carrier
Panzergrenadier Squad
Construct Light Support Kompanie
250 Light Carrier
Construct Mechanized Kompanie
Combat Half-tracks
Panzerjäger Mechanized Group
8 Rad Armored Car
2.5-tonne Medical Truck
Selects Veteran Gunners
Marder III Tank Destroyer
254 Reconnaissance Tractor
254 Reconnaissance Tractor
Veteran Squad Leaders
Marder III Tank Destroyer
Panzergrenadier Squad
Construct Panzerarmee Kommand
Selects Salvage Kits
Selects Panzer Storm
Marder III Tank Destroyer
Marder III Tank Destroyer
go_kitkayu
Kylen
runningDuck
CPU - VERY EASY
DaMayzr
Mad
Azate
Let me in
0
0
Comments
sign in to comment!
No comments posted yet!